 Dungeon Crawl Stone Soup version 0.26-a0-694-g74916bafe0 (webtiles) character file.

Game seed: 1849523007485365632

10313 Napalmbreeze the Grappler (level 11, -3/113 HPs)
             Began as a Troll Fighter on Oct 25, 2020.
             Was a Believer of Makhleb.
             Slain by a wight
             ... wielding a +0 dire flail
              (4 damage)
             ... on level 10 of the Dungeon.
             The game lasted 00:18:47 (9118 turns).

Napalmbreeze the Grappler (Troll Fighter)           Turns: 9118, Time: 00:18:48

Health: -3/113     AC: 11    Str: 29    XL:     11   Next: 34%
Magic:  23/23      EV: 13    Int:  9    God:    Makhleb [**....]
Gold:   684        SH: 11    Dex:  9    Spells: 10/10 levels left

rFire    . . .     SeeInvis .     - Unarmed
rCold    + . .     Faith    .   b - +1 kite shield
rNeg     . . .     Spirit   .   a - +0 robe
rPois    .         Reflect  .   H - +3 hat of Pondering {ponderous, MR+ MP+10 Int+5}
rElec    .         Harm     .   q - +1 cloak {rCorr}
rCorr    +         Rampage  .   (gloves unavailable)
MR       +....                  (boots unavailable)
Stlth    +.........             (no amulet)
HPRegen  0.68/turn              r - ring of protection from cold
MPRegen  0.18/turn              e - +4 ring of evasion

@: slowed, lightly drained, very slow
A: large, unfitting armour, claws 3, regeneration 1, shaggy fur 1, tough skin 3
a: Minor Destruction, Renounce Religion


You were on level 10 of the Dungeon.
You worshipped Makhleb.
Makhleb was pleased with you.
You visited 2 branches of the dungeon, and saw 12 of its levels.
You also visited: Sewer.

You collected 684 gold pieces.

Inventory:

Missiles
 m - 57 poisoned darts (quivered)
Armour
 a - a +0 robe (worn)
 b - a +1 kite shield (worn)
 q - a +1 cloak of preservation (worn)
 H - the +3 hat of Pondering (worn) {ponderous, MR+ MP+10 Int+5}
   (You took it off Gastronok on level 9 of the Dungeon)

   It affects your intelligence (+5).
   It affects your resistance to hostile enchantments.
   It affects your magic capacity (+10).
Jewellery
 e - a +4 ring of evasion (right claw)
 n - an uncursed ring of flight
 p - an uncursed ring of fire
 r - a ring of protection from cold (left claw)
 F - a +4 ring of protection {unknown}
Wands
 x - a wand of flame (63)
 L - a wand of polymorph (5)
Scrolls
 f - 2 scrolls of magic mapping
 s - 2 scrolls of immolation
 u - 2 scrolls of enchant armour
 y - 12 scrolls of teleportation
 z - a scroll of brand weapon {unknown}
 A - 7 scrolls of blinking
 B - 6 scrolls of remove curse
 D - a scroll of identify
 E - a scroll of holy word {unknown}
 G - a scroll of acquirement {unknown}
 I - a scroll of random uselessness {unknown}
 J - a scroll of torment {unknown}
 K - a scroll of vulnerability {unknown}
Potions
 c - a potion of might
 d - 2 potions of lignification {unknown}
 g - a potion of brilliance {unknown}
 h - 2 potions of stabbing {unknown}
 i - a potion of ambrosia {unknown}
 j - 2 potions of haste {unknown}
 k - 2 potions of curing
 l - a potion of degeneration {unknown}
 o - 2 potions of invisibility {unknown}
 t - 2 potions of heal wounds {unknown}
 v - a potion of flight {unknown}
 w - 2 potions of cancellation {unknown}
 C - a potion of magic {unknown}


   Skills:
 + Level 8.4(8.0) Fighting
 + Level 3.5(3.2) Dodging
 + Level 5.6(5.3) Shields
 + Level 12.3(11.9) Unarmed Combat
 - Level 5.0(4.6) Invocations


You had 10 spell levels left.
You didn't know any spells.
Your spell library contained the following spells:

 Spells                   Type           Power        Failure   Level
 Beastly Appendage        Tmut           #.....       65%         1
 Corona                   Hex            #......      65%         1
 Foxfire                  Conj/Fire      #...         65%         1
 Ensorcelled Hibernation  Hex/Ice        #.....       80%         2
 Wereblood                Tmut           #.......     80%         2
 Confusing Touch          Hex            #.......     95%         3
 Conjure Flame            Conj/Fire      #.......     95%         3
 Dazzling Flash           Conj/Hex       #.....       95%         3
 Inner Flame              Hex/Fire       #.......     95%         3
 Spider Form              Tmut/Pois      #.........   95%         3
 Tukima's Dance           Hex            #.......     95%         3
 Ice Form                 Ice/Tmut       #.......     100%        4
 Sticky Flame             Conj/Fire      #.......     100%        4
 Blade Hands              Tmut           #.........   100%        5
 Fireball                 Conj/Fire      #.........   100%        5


Dungeon Overview and Level Annotations

Branches:
Dungeon (11/15)            Temple (1/1) D:7             Orc (0/2) D:10
  Sewer (visited)
   Lair: D:8-11

Altars:
Dithmenos
Fedhas
Makhleb
Sif Muna
Vehumet

Annotations:
D:10 2 transporters, Biwiajik's ghost, novice BaIE


Innate Abilities, Weirdness & Mutations

You are too large for most types of armour.
You have claws for hands.
Your natural rate of healing is unusually fast.
You are covered in fur. (AC +1)
You have extremely tough skin. (AC +3)


Message History

You block the wyvern's attack. The wyvern bites you!
* * * LOW HITPOINT WARNING * * *
The wight hits you with a +0 dire flail!
* * * LOW HITPOINT WARNING * * *
You feel drained.
* * * LOW HITPOINT WARNING * * *
The wyvern bites you.
* * * LOW HITPOINT WARNING * * *
You block the wight's attack. The wyvern bites you.
* * * LOW HITPOINT WARNING * * *
The wraith hits you.
* * * LOW HITPOINT WARNING * * *
Unknown command.
Unknown command.
The wight hits you with a +0 dire flail!
* * * LOW HITPOINT WARNING * * *
The wyvern barely misses you.
The wight hits you with a +0 dire flail.
You die...

##...#######..........#....# ##
#...)............########### #.
.................########.######.
...............####.....#..#..#.#
#.........######..#.#.#...##....#
###.....### #.#.#...#....#.#.# #
##...### #)#####..##.##.#.# #
##....## ##.#.##.)....##.##) #
###...## ##z@##.......#.....# ##
##..>###Wl.#.)##.##.)#.#.## .#
##..≈#l...##..#....#..##.# .#
##.......##.####....#.#.. .##
##......#.##...>........ ..#
##......####.#..##.###.# ..#
##.......####...###...#.# ..##
#........##........##..## #..#
##........#...)#..#....#.#


You could see a wraith, a wyvern, an iguana and a wight.

Vanquished Creatures
  Gastronok (D:9)
  Harold (D:6)
  2 two-headed ogres
  An ugly thing (D:9)
  Psyche (D:9)
  A wraith (D:10)
  4 yaks (D:10)
  A warg (D:10)
  Duvessa (D:7)
  A black bear (D:7)
  3 phantoms
  7 orc warriors
  4 sky beasts
  An ice beast (D:6)
  5 ogres
  A necrophage (D:9)
  A wolf (D:11)
  5 big kobolds
  2 bullfrogs (D:8)
  Dowan (D:7)
  A water moccasin skeleton (D:5)
  A scorpion (D:7)
  7 wights
  2 howler monkeys (D:9)
  7 hounds
  A jelly (D:5)
  6 orc priests
  3 centaur zombies
  Crazy Yiuf (D:2)
  4 bullfrog skeletons
  2 centaur skeletons
  Terence (D:3)
  An iguana (D:4)
  12 orc wizards
  5 worker ants
  A hound skeleton (D:4)
  3 worker ant zombies
  12 adders
  A river rat (D:6)
  2 shadow imps
  3 white imps
  2 ufetubi
  6 oozes
  An adder skeleton (D:8)
  8 worms
  2 dart slugs
  4 leopard geckos
  34 orcs
  4 bats
  10 giant cockroaches
  12 goblins
  6 hobgoblins
  5 jackals
  18 kobolds
  3 quokkas
  4 ball pythons
  12 frilled lizards
  2 leopard gecko skeletons
  15 rats
268 creatures vanquished.

Vanquished Creatures (others)
  2 fungi (D:2)
  3 plants (D:11)
5 creatures vanquished.

Grand Total: 273 creatures vanquished

Notes
Turn   | Place    | Note
-------+----------+-------------------------------------------
     0 | D:1      | Napalmbreeze the Troll Fighter began the quest for the Orb.
     0 | D:1      | Reached XP level 1. HP: 22/22 MP: 0/0
    85 | D:1      | Reached XP level 2. HP: 29/29 MP: 1/1
   874 | D:2      | Reached XP level 3. HP: 36/36 MP: 2/2
   888 | D:2      | Reached skill level 3 in Unarmed Combat
  1598 | D:2      | Found a runed translucent door.
  1599 | D:2      | Noticed Crazy Yiuf
  1608 | D:2      | Killed Crazy Yiuf
  1608 | D:2      | Reached XP level 4. HP: 33/44 MP: 3/3
  2046 | D:3      | Reached skill level 4 in Unarmed Combat
  2046 | D:3      | Reached XP level 5. HP: 53/53 MP: 4/4
  2318 | D:3      | Noticed Terence
  2333 | D:3      | Killed Terence
  2688 | D:4      | Reached XP level 6. HP: 61/61 MP: 5/5
  2953 | D:4      | Reached skill level 5 in Unarmed Combat
  3035 | D:4      | You fall into a shaft and drop 1 floor!
  3035 | D:5      | Entered Level 5 of the Dungeon
  3253 | D:4      | Reached XP level 7. HP: 68/68 MP: 6/6
  3515 | D:5      | Reached skill level 6 in Unarmed Combat
  3855 | D:5      | Found a shadowy altar of Dithmenos.
  4000 | D:5      | Found a shadowy altar of Dithmenos.
  4015 | D:5      | Reached skill level 7 in Unarmed Combat
  4015 | D:5      | Reached XP level 8. HP: 73/79 MP: 7/7
  4211 | D:6      | Found a glowing drain.
  4223 | D:6      | Got a twitching golden amulet
  4252 | Sewer    | Entered a sewer
  4258 | Sewer    | Identified the amulet of Lephis Qaxo {Inacc Str+3} (You
                  | found it on level 6 of the Dungeon)
  4370 | Sewer    | Reached skill level 5 in Shields
  4533 | Sewer    | Reached skill level 5 in Fighting
  4590 | Sewer    | Reached skill level 8 in Unarmed Combat
  5457 | D:7      | Noticed Duvessa
  5457 | D:7      | Noticed Dowan
  5475 | D:7      | Killed Duvessa
  5502 | D:7      | Killed Dowan
  5566 | D:7      | Reached skill level 9 in Unarmed Combat
  5566 | D:7      | Reached XP level 9. HP: 80/88 MP: 8/8
  5869 | D:7      | Found a staircase to the Ecumenical Temple.
  5886 | Temple   | Entered the Ecumenical Temple
  5892 | Temple   | Became a worshipper of Makhleb the Destroyer
  5959 | D:7      | Noticed Harold
  6006 | D:6      | Killed Harold
  6006 | D:6      | Reached skill level 10 in Unarmed Combat
  6520 | D:8      | Reached skill level 11 in Unarmed Combat
  6715 | D:8      | Reached XP level 10. HP: 99/100 MP: 9/9
  6725 | D:8      | Noticed a two-headed ogre
  6739 | D:8      | Killed a two-headed ogre
  7167 | D:9      | Reached * piety under Makhleb
  7180 | D:9      | Noticed Gastronok
  7195 | D:9      | Noticed a red ugly thing
  7196 | D:9      | Killed Gastronok
  7196 | D:9      | Reached skill level 12 in Unarmed Combat
  7210 | D:9      | Killed a red ugly thing
  7211 | D:9      | Noticed Psyche
  7221 | D:9      | Killed Psyche
  7649 | D:9      | Found a blossoming altar of Fedhas.
  7889 | D:10     | Entered Level 10 of the Dungeon
  7971 | D:10     | Noticed a death knight
  7973 | D:10     | Found a transporter.
  7974 | D:10     | Noticed Biwiajik's ghost (novice BaIE)
  8002 | D:10     | Found a transporter.
  8028 | D:10     | Reached skill level 5 in Invocations
  8130 | D:10     | Reached XP level 11. HP: 86/111 MP: 13/13
  8159 | D:10     | Found a staircase to the Orcish Mines.
  8165 | D:10     | Reached ** piety under Makhleb
  8930 | D:10     | Noticed a two-headed ogre
  8943 | D:10     | Killed a two-headed ogre
  9118 | D:10     | HP: 1/113 [wight/+0 dire flail (9)]
  9118 | D:10     | Slain by a wight

Illustrated notes

Levels and vault maps discovered:
D:1:      dpeg_arrival_tiny_a, layout_loops_ring,
          wander_ebering_terrifying_dragon_lair
D:2:      layout_basic, item_on_display_a, uniq_crazy_yiuf_cottage
D:3:      layout_loops_corners, uniq_terence
D:4:      layout_loops_corners
D:5:      layout_basic, nicolae_overflow_crystal_walls,
          minmay_misc_feat_nine_boxes, minmay_misc_feat_alley, hex_large,
          grunt_dithmenos_shadows
D:6:      layout_basic, cheibrodos_sewer_entry_sluice
D:7:      layout_loops_ring, minmay_temple_entry_overgrown, uniq_duvessa,
          uniq_harold
D:8:      layout_basic, hangedman_decor_clover_reticule
D:9:      layout_basic, fedhas_altar_3, uniq_psyche, uniq_gastronok
D:10:     layout_layer_cave, erik_orc_3, gammafunk_ghost_mausoleum
D:11:     layout_cave_pools, minmay_lair_entry_grove, minmay_misc_feat_square,
          minmay_misc_feat_rows, hangedman_batty
Temple:   regret_index_temple_sigil_plot

Skill      XL: |  1  2  3  4  5  6  7  8  9 10 11 |
---------------+----------------------------------+-----
Unarmed Combat | 3 4 5 7 9 11 12 | 12.3
Shields        | 3 4 5 |  5.6
Fighting       | 3 4 5 6 8 |  8.4
Invocations    | 5 |  5.0
Dodging        | 3 |  3.5

Action                   |  1- 3 |  4- 6 |  7- 9 | 10-12 || total
-------------------------+-------+-------+-------+-------++-------
Melee: Unarmed           |   122 |   205 |   420 |   222 ||   969
Throw: Dart              |     3 |       |     1 |     5 ||     9
  Use: Scroll            |     2 |     4 |     4 |       ||    10
Armor: Robe              |    28 |    83 |    60 |    48 ||   219
Dodge: Dodged            |    36 |    87 |   119 |    70 ||   312
Block: Kite shield       |    46 |    98 |   171 |   103 ||   418

Table legend: (Time is in decaauts)
 A = Elapsed time spent in this place.
 B = Non-inter-level travel time spent in this place.
 C = Inter-level travel time spent in this place.
 D = Time resting spent in this place.
 E = Time spent auto-exploring this place.
 F = Levels seen in this place.
 G = Mean time per level.
                   A        B        C        D        E       F      G
               +--------+--------+--------+--------+--------+-----+--------+
         Total |   9352 |   9032 |    320 |    379 |   6384 |  13 |  719.4 |
       Dungeon |   8691 |   8371 |    320 |    379 |   5981 |  11 |  790.1 |
        Temple |     11 |     11 |      0 |      0 |      1 |   1 |   11.0 |
         Sewer |    649 |    649 |      0 |      0 |    402 |   1 |  649.0 |
               +--------+--------+--------+--------+--------+-----+--------+

Top non-repeatable levels by time:
    D:10: 1293 daAuts
     D:3: 899 daAuts
     D:2: 895 daAuts
     D:6: 866 daAuts
     D:4: 832 daAuts
     D:9: 819 daAuts
     D:5: 794 daAuts
     D:7: 775 daAuts
     D:1: 753 daAuts
     D:8: 747 daAuts
   Sewer: 649 daAuts
    D:11: 15 daAuts
  Temple: 11 daAuts
